 Dungeon Crawl Stone Soup version 0.17.0-28-g6e173f8 (webtiles) character file.

142 septik the Cudgeler (level 5, 0/67 HPs)
             Began as a Hill Orc Fighter on Dec 1, 2015.
             Succumbed to dohliylev's ghost's toxic radiance
             ... on level 3 of the Dungeon.
             The game lasted 00:06:40 (3521 turns).

septik the Cudgeler (Hill Orc Fighter)              Turns: 3521, Time: 00:06:40

Health: 0/67       AC: 22    Str: 20    XL:     5   Next: 24%
Magic:  5/5        EV:  2    Int:  8    God:
Gold:   143        SH:  9    Dex: 12    Spells: 0 memorised, 4 levels left

rFire  x . .     SeeInvis .     a - +0 flail
rCold  + . .     Clarity  .     (armour currently unavailable)
rNeg   + + +     SustAt   .     c - +0 shield
rPois  +         Gourm    .     (helmet currently unavailable)
rElec  .         Spirit   .     (cloak currently unavailable)
rCorr  .         Warding  .     (gloves currently unavailable)
rMut   .         NoTele   +     (boots currently unavailable)
MR     .....                    o - amulet of inaccuracy (curse)
Stlth  +.........               (no ring)
                                f - ring of ice

@: lethally poisoned (0 -> -7), tree-form, not resistant to hostile
enchantments, very unstealthy
A: (horns 0), agile 1, spit poison 1
a: Spit Poison


You were on level 3 of the Dungeon.
You were hungry.
You were a tree.
You visited 1 branch of the dungeon, and saw 4 of its levels.

You collected 143 gold pieces.

Inventory:

Hand Weapons
 a - a +0 flail (weapon)
Missiles
 i - 138 stones (quivered)
Armour
 b - a +0 scale mail
 c - a +0 shield (worn)
 k - a +2 helmet
 m - a +0 chain mail (melded)
 q - a +0 pair of boots (melded)
Jewellery
 f - a ring of ice (left branch)
 g - an uncursed amulet of regeneration
 o - a cursed amulet of inaccuracy (around neck)
Scrolls
 h - 7 scrolls of identify {unknown}
 n - a scroll of enchant armour
 p - 2 scrolls of remove curse {unknown}
 r - 3 scrolls of fog {unknown}
 u - a scroll of noise {unknown}
Potions
 d - a potion of might
Books
 s - a book of the Sky

   Spells                             Type                      Level
   a - Summon Lightning Spire         Summoning/Air                4
   b - Airstrike                      Air                          4
   c - Silence                        Hexes/Air                    5
   d - Deflect Missiles               Charms/Air                   6
   e - Conjure Ball Lightning         Conjuration/Air              6
   f - Tornado                        Air                          9
Comestibles
 e - a bread ration
 x - a meat ration


   Skills:
 - Level 3.6 Fighting
 + Level 5.8 Maces & Flails
 - Level 3.2 Armour
 - Level 3.2 Shields


You had 4 spell levels left.
You didn't know any spells.

Dungeon Overview and Level Annotations

Branches:
Dungeon (4/15)
 Temple: D:4-7

Altars:
Elyvilon

Annotations:
D:4 dohliylev's ghost, amateur GrVM


Innate Abilities, Weirdness & Mutations

((You have a pair of small horns on your head.))
You are agile. (Dex +2)
You can spit weak poison.


Message History

You feel sick.
* * * LOW HITPOINT WARNING * * *
You feel sick.
* * * LOW HITPOINT WARNING * * *
You feel sick.
* * * LOW HITPOINT WARNING * * *
You feel sick.
* * * LOW HITPOINT WARNING * * *
You feel sick.
* * * LOW HITPOINT WARNING * * *
You feel sick.
* * * LOW HITPOINT WARNING * * *
You feel sick.
* * * LOW HITPOINT WARNING * * *
You feel sick.
* * * LOW HITPOINT WARNING * * *
You feel sick.
* * * LOW HITPOINT WARNING * * *
You feel sick.
You die...

##.# #.########.###.##.##.#...#
#.# #.......)..#......##.#..##
#.# ###........#.#.#####.#..#
#.# ##........#...## #.#..# #
#.# #.........##.## #.#)## # #.#
##........##.# #.#.##### #.#
#........##.# #........
#.####........##.#########.#####
#......###.....♣........##.#
#####..# ###.###.######.##.#####
#..## #.# #.# #.##......
#...####.# #.# #.########
#.#......###.######..#
##......#..........##.####
##)........###..###...>...#
##.###........[......##.##.#
#.## ##.....####.###.##.##.#


There were no monsters in sight!

Vanquished Creatures
  A scorpion (D:3)
  A worker ant (D:3)
  A gnoll (D:1)
  An adder (D:2)
  2 worms
  4 giant cockroaches
  4 goblins
  4 hobgoblins
  3 jackals (D:2)
  3 kobolds
  3 ball pythons
  5 bats
  9 giant newts
  8 rats
49 creatures vanquished.

Notes
Turn   | Place    | Note
--------------------------------------------------------------
     0 | D:1      | septik the Hill Orc Fighter began the quest for the Orb.
     0 | D:1      | Reached XP level 1. HP: 19/19 MP: 1/1
   291 | D:1      | Reached XP level 2. HP: 20/26 MP: 2/2
   857 | D:1      | Reached XP level 3. HP: 29/31 MP: 3/3
  1242 | D:2      | Found a white marble altar of Elyvilon.
  1303 | D:2      | Reached skill level 4 in Maces & Flails
  2121 | D:3      | Noticed a scorpion
  2147 | D:3      | Killed a scorpion
  2147 | D:3      | Reached skill level 5 in Maces & Flails
  2147 | D:3      | Reached XP level 4. HP: 18/39 MP: 4/4
  2430 | D:3      | Reached XP level 5. HP: 18/45 MP: 5/5
  3325 | D:4      | Noticed dohliylev's ghost (amateur GrVM)
  3507 | D:3      | Gained mutation: You have a pair of small horns on your head. [potion of mutation]
  3507 | D:3      | Gained mutation: You are agile. (Dex +2) [potion of mutation]
  3507 | D:3      | Gained mutation: You can spit weak poison. [potion of mutation]
  3517 | D:3      | HP: 3/67 [poisoned by dohliylev's ghost (toxic radiance)]
  3520 | D:3      | HP: 1/67 [poisoned by dohliylev's ghost (toxic radiance)]
  3521 | D:3      | Succumbed to dohliylev's ghost's toxic radiance

Action                   |  1- 3 |  4- 6 || total
-------------------------+-------+-------++-------
Melee: Flail             |   134 |   100 ||   234
  Use: Scroll            |     3 |       ||     3
       Potion            |       |     4 ||     4
  Eat: Chunk             |     4 |     4 ||     8
